 Dungeon Sprint DCSS version 0.19-a0-1532-g228a5d9 (webtiles) character file.

172 poirepourri the Covert (level 5, -2/24 HPs)
             Began as a Spriggan Enchanter on Sept 13, 2016.
             Was an Initiate of Dithmenos.
             Slain by a spriggan
             ... wielding a +0 rapier
              (3 damage)
             ... in the Dungeon (Sprint IV: "Fedhas' Mad Dash").
             The game lasted 00:01:33 (678 turns).

poirepourri the Covert (Spriggan Enchanter)          Turns: 678, Time: 00:01:33

Health: -2/24      AC:  3    Str:  4    XL:     5   Next: 27%
Magic:  5/13       EV: 21    Int: 16    God:    Dithmenos [......]
Gold:   75         SH:  0    Dex: 18    Spells: 5 memorised, 2 levels left

rFire  . . .     SeeInvis +     a - +1 dagger
rCold  . . .     Gourm    .     b - +1 robe
rNeg   . . .     Faith    .     (shield restricted)
rPois  .         Spirit   .     (helmet restricted)
rElec  .         Dismiss  .     (no cloak)
rCorr  .         Reflect  .     (gloves unavailable)
MR     .....     Harm     .     (boots unavailable)
Stlth  ++++++.... NoTele   +    k - amulet of invisibility {+Inv}
                                (no ring)
                                (no ring)

@: very slightly contaminated, very quick
A: unfitting armour, see invisible, herbivore 3, speed 3, slow metabolism 2
a: Renounce Religion, Evoke Invisibility


You were in the Dungeon.
You worshipped Dithmenos.
Dithmenos was noncommittal.
You were not hungry.

You visited 1 branch You collected 75 gold pieces.

Inventory:

Hand Weapons
 a - a +1 dagger (weapon)
Armour
 b - a +1 robe (worn)
Jewellery
 k - the amulet of invisibility (around neck) {+Inv}
   (You found it in the Dungeon)

   [amulet of nothing]

   It lets you turn invisible.
Scrolls
 j - a scroll of blinking
Potions
 e - 2 potions of curing
 g - a potion of haste
 h - a potion of magic
Books
 c - a book of Maledictions

   Spells                             Type                      Level
   a - Corona                         Hexes                        1
   b - Ensorcelled Hibernation        Hexes/Ice                    2
   c - Confuse                        Hexes                        3
   d - Tukima's Dance                 Hexes                        3
   e - Dazzling Spray                 Conjuration/Hexes            3
Comestibles
 d - a bread ration


   Skills:
 - Level 0.2 Fighting
 + Level 3.3 Short Blades
 + Level 5.8 Dodging
 + Level 11.1 Stealth
 + Level 5.2 Spellcasting
 + Level 7.9 Hexes


You had 2 spell levels left.
You knew the following spells:

 Your Spells              Type           Power        Failure   Level  Hunger
a - Corona                Hex            ####...      1%          1    None
b - Ensorcelled Hibernat  Hex/Ice        ###...       6%          2    #......
c - Confuse               Hex            ####....     1%          3    ###....
d - Tukima's Dance        Hex            ####....     1%          3    ###....
e - Dazzling Spray        Conj/Hex       ###...       12%         3    ###....


Dungeon Overview and Level Annotations

Branches:
Dungeon (1/1)

Altars:
Cheibriados
Dithmenos
Elyvilon
Gozag
Hepliaklqana
Kikubaaqudgha
Makhleb
Nemelex Xobeh
Okawaru
Qazlal
Ru
Sif Muna
Trog
Uskayaw
Vehumet
Xom
Yredelemnul
Zin
The Shining One
Beogh
Jiyva
Lugonu


Innate Abilities, Weirdness & Mutations

You are tiny and cannot use many weapons and most armour.
You have supernaturally acute eyesight. (SInv)
You are a herbivore.
You cover ground extremely quickly.
You need consume almost no food.


Message History

You are very lightly contaminated with residual magic.
Nothing appears to happen.
The spriggan misses you.
There is an open door here.
Casting: Ensorcelled Hibernation
Confirm with . or Enter, or press ? or * to list all spells.
Aiming: Ensorcelled Hibernation
Press: ? - help, Shift-Dir - straight line, f/p - spriggan
Aim: a spriggan, wielding a rapier and wearing a runed robe (chance to defeat MR: 16%)
You miscast Ensorcelled Hibernation.
Multicoloured lights dance before your eyes!
The spriggan hits you with a rapier!
* * * LOW HITPOINT WARNING * * *
Casting: Ensorcelled Hibernation
Confirm with . or Enter, or press ? or * to list all spells.
Aiming: Ensorcelled Hibernation
Press: ? - help, Shift-Dir - straight line, f/p - spriggan
Aim: a spriggan, wielding a rapier and wearing a runed robe (chance to defeat MR: 16%)
The spriggan resists with almost no effort.
The spriggan hits you with a rapier.
You die...

#######################
#<..P#.i...#.....#.⌠._.
#PP..'@i...'.#)i.'..s._
#PPPP#.....#.#...#..._.
###############'##.._._
+...#.⌠._. #...######
#####


You could see 2 spriggans.

Vanquished Creatures
  4 oklob saplings (D)
  A worker ant (D)
  A river rat (D)
  A rat (D)
7 creatures vanquished.

Notes
Turn   | Place    | Note
-------+----------+-------------------------------------------
     0 | D        | poirepourri the Spriggan Enchanter began the quest for the Orb.
     0 | D        | Reached XP level 1. HP: 9/9 MP: 5/5
     9 | D        | Reached skill level 6 in Stealth
     9 | D        | Reached XP level 2. HP: 13/13 MP: 6/6
    21 | D        | Learned a level 2 spell: Ensorcelled Hibernation
    23 | D        | Noticed an oklob sapling
    25 | D        | Killed an oklob sapling
    25 | D        | Reached skill level 8 in Stealth
    25 | D        | Reached XP level 3. HP: 16/16 MP: 6/8
   115 | D        | Reached skill level 5 in Dodging
   115 | D        | Reached skill level 5 in Hexes
   132 | D        | Noticed an oklob sapling
   139 | D        | Learned a level 3 spell: Confuse
   143 | D        | Learned a level 3 spell: Tukima's Dance
   152 | D        | Killed an oklob sapling
   152 | D        | Reached skill level 9 in Stealth
   152 | D        | Reached XP level 4. HP: 21/21 MP: 7/11
   184 | D        | Found an opulent altar of Gozag.
   184 | D        | Found a hazy altar of Hepliaklqana.
   184 | D        | Found a burning altar of Makhleb.
   184 | D        | Found a roughly hewn altar of Beogh.
   184 | D        | Found a sparkling altar of Nemelex Xobeh.
   184 | D        | Found a snail-covered altar of Cheibriados.
   184 | D        | Found a sacrificial altar of Ru.
   184 | D        | Found a deep blue altar of Sif Muna.
   184 | D        | Found a shimmering altar of Xom.
   184 | D        | Found a basalt altar of Yredelemnul.
   185 | D        | Found a viscous altar of Jiyva.
   185 | D        | Found a bloodstained altar of Trog.
   187 | D        | Found an iron altar of Okawaru.
   187 | D        | Found a glowing silver altar of Zin.
   187 | D        | Found a shadowy altar of Dithmenos.
   188 | D        | Found a hide-covered altar of Uskayaw.
   188 | D        | Found an ancient bone altar of Kikubaaqudgha.
   189 | D        | Found a glowing golden altar of the Shining One.
   189 | D        | Found a stormy altar of Qazlal.
   189 | D        | Found a white marble altar of Elyvilon.
   190 | D        | Found a radiant altar of Vehumet.
   190 | D        | Found a corrupted altar of Lugonu.
   216 | D        | Reached skill level 10 in Stealth
   216 | D        | Reached XP level 5. HP: 3/24 MP: 9/13
   578 | D        | Became a worshipper of Dithmenos the Shadowed
   583 | D        | Learned a level 3 spell: Dazzling Spray
   598 | D        | Reached skill level 11 in Stealth
   598 | D        | Reached skill level 5 in Spellcasting
   674 | D        | HP: 1/24 [spriggan/rapier (8)]
   678 | D        | Slain by a spriggan

Vault maps used:
D:        dungeon_sprint_fedhas

Skill      XL: |  1  2  3  4  5 |
---------------+----------------+-----
Dodging        | 4 5 |  5.8
Stealth        | 6 8 9 10 11 | 11.1
Spellcasting   | 3 4 5 |  5.2
Hexes          | 4 6 7 |  7.9
Short Blades   | 2 3 |  3.3
Fighting       | |  0.2

Action                   |  1- 3 |  4- 6 || total
-------------------------+-------+-------++-------
Melee: Dagger            |    10 |    20 ||    30
 Cast: Confuse           |     1 |     6 ||     7
       Ensorcelled Hiber |       |     3 ||     3
  Use: Potion            |       |     3 ||     3
 Stab: Sleeping          |     4 |       ||     4
       Confused          |     1 |     2 ||     3
Dodge: Dodged            |       |     1 ||     1
